 Dungeon Crawl Stone Soup version 0.20-a0-957-g47ad1fd (webtiles) character file.

37 JeffiDaFish the Firebug (level 3, -1/31 HPs)
             Began as an Ogre Fire Elementalist on Apr 5, 2017.
             Slain by a worm (10 damage)
             ... on level 2 of the Dungeon.
             The game lasted 00:03:28 (1306 turns).

JeffiDaFish the Firebug (Ogre Fire Elementalist)    Turns: 1306, Time: 00:03:29

Health: -1/31      AC:  4    Str: 12    XL:     3   Next: 39%
Magic:  5/7        EV: 10    Int: 16    God:
Gold:   40         SH:  0    Dex: 10    Spells: 5/8 levels left

rFire    . . .     SeeInvis .   i - +0 hand axe
rCold    . . .     Gourm    .   (no shield)
rNeg     . . .     Faith    .   a - +1 robe
rPois    .         Spirit   .   (helmet restricted)
rElec    .         Reflect  .   (no cloak)
rCorr    .         Harm     .   (gloves unavailable)
MR       .....                  (boots unavailable)
Stlth    ++........             (no amulet)
Regen    0.1/turn               (no ring)
MPRegen  0.1/turn               (no ring)

@: very slightly contaminated
A: unfitting armour, tough skin 1
a: no special abilities


You were on level 2 of the Dungeon.
You were hungry.

You visited 1 branch of the dungeon, and saw 2 of its levels.

You collected 40 gold pieces.

Inventory:

Hand Weapons
 i - a +0 hand axe (weapon)
Armour
 a - a +1 robe (worn)
Scrolls
 h - 3 scrolls of remove curse
Potions
 e - 2 potions of might
Books
 b - a book of Flames

   Spells                             Type                      Level
   a - Flame Tongue                   Conjuration/Fire             1
   b - Throw Flame                    Conjuration/Fire             2
   c - Conjure Flame                  Conjuration/Fire             3
   d - Inner Flame                    Hexes/Fire                   3
   e - Sticky Flame                   Conjuration/Fire             4
   f - Fireball                       Conjuration/Fire             5
Comestibles
 c - a bread ration
 f - a meat ration


   Skills:
 + Level 0.0 Fighting
   Level 0.1 Short Blades
 + Level 1.8 Dodging
 + Level 1.4 Stealth
 - Level 0.3 Unarmed Combat
 * Level 3.0 Spellcasting
 * Level 1.0 Conjurations
 * Level 3.3 Fire Magic


You had 5 spell levels left.
You knew the following spells:

 Your Spells              Type           Power        Failure   Level  Hunger
a - Flame Tongue          Conj/Fire      #....        10%         1    #......
b - Throw Flame           Conj/Fire      #.....       14%         2    ##.....


Dungeon Overview and Level Annotations

Branches:
Dungeon (2/15)

Altars:


Innate Abilities, Weirdness & Mutations

You are too large for most types of armour.
You have tough skin. (AC +1)


Message History

You are too injured to fight recklessly!
You are too injured to fight recklessly!
You are too injured to fight recklessly!
You are too injured to fight recklessly!
Casting: Throw Flame
Confirm with . or Enter, or press ? or * to list all spells.
Aiming: Flame Tongue
Press: ? - help, Shift-Dir - straight line, f - worm
Aim: a worm (severely wounded)
The flame tongue hits the worm.
The worm is almost dead.
Casting: Flame Tongue
Confirm with . or Enter, or press ? or * to list all spells.
Aiming: Flame Tongue
Press: ? - help, Shift-Dir - straight line, f/p - worm
Aim: a worm (almost dead)
The flame tongue hits the worm.
The worm is almost dead.
The worm bites you!
You die...

#####
#####...# #
#.......# #.
####.###...#
#.
#.......#.##
#..
#.#####.#.####
###.#####.#
#.#<....
##.........#
#.######
#....w@.#..#
#.#
#.....†.#..#
#.#
#.......#....
..#
#....#..#.##.#
###
#.......#.# .#
#........#.# #
...>........
#...#.####


You could see a worm.

Vanquished Creatures
  A dart slug (D:1)
  3 leopard geckos (D:1)
  A giant cockroach (D:1)
  6 goblins (D:1)
  4 hobgoblins (D:1)
  3 kobolds (D:1)
  4 bats (D:1)
  A frilled lizard (D:1)
  5 rats
28 creatures vanquished.

Notes
Turn   | Place    | Note
-------+----------+-------------------------------------------
     0 | D:1      | JeffiDaFish the Ogre Fire Elementalist began the quest for the Orb.
     0 | D:1      | Reached XP level 1. HP: 16/16 MP: 3/3
   360 | D:1      | Reached XP level 2. HP: 24/24 MP: 3/5
   773 | D:1      | Reached XP level 3. HP: 19/31 MP: 7/7
   866 | D:1      | Reached skill level 1 in Conjurations
   898 | D:1      | Learned a level 2 spell: Throw Flame
  1306 | D:2      | Slain by a worm

Vault maps used:
D:1:      dpeg_arrival_rooms_a
D:2:      chequers_ecumenical_altar_twisty, kennysheep_generic_room_3

Skill      XL: |  1  2  3 |
---------------+----------+-----
Fire Magic     | 3 |  3.3
Conjurations   | 1 |  1.0
Spellcasting   | 3 |  3.0
Short Blades   | |  0.1
Dodging        | |  1.8
Stealth        | |  1.4
Unarmed Combat | |  0.3

Action                   || total
-------------------------++-------
Melee: Unarmed           ||    12
       Short sword       ||    44
       Hand axe          ||    21
 Cast: Flame Tongue      ||    21
       Throw Flame       ||     3
  Use: Potion            ||     8
       Scroll            ||     7
 Stab: Sleeping          ||     1
  Eat: Chunk             ||     1
Armor: Robe              ||    17
Dodge: Dodged            ||    46
